AAA
OTTAWA BEAVERS @ BATON ROUGE BAYOU
08/23/2059
 
TOP OF THE 1ST
Ottawa Beavers batting - Pitching for Baton Rouge Bayou : RHP Casey Fish
Pitching: RHP Casey Fish
Batting: SHB Darren Clark 0-0: Ball
1-0: Foul Ball, location: 2F
1-1: Called Strike
1-2: Strikes out swinging
Batting: RHB Jaboree Kafengauz 0-0: Ball
1-0: Called Strike
1-1: Ball
2-1: Foul Ball, location: 2F
2-2: Foul Ball, location: 2F
2-2: Reached on error, E5 (Groundball, 56D, EV 90.0 MPH)
Batting: LHB Romeo Nester 0-0: Fly out, F8 (Line Drive, 8LD, EV 97.5 MPH)
Batting: LHB Cole Tester 0-0: Ball
1-0: Ball
2-0: 2-RUN HOME RUN (Line Drive, 89XD, EV 103.1 MPH), Distance : 398 ft
Batting: RHB Gavin Wright 0-0: Ball
1-0: Foul Ball, location: 2F
1-1: Ball
2-1: Ball
3-1: Fly out, F8 (Flyball, 8RXD, EV 90.0 MPH)
Top of the 1st over - 2 runs, 1 hit, 1 error, 0 left on base; Ottawa 2 - Baton Rouge 0
BOTTOM OF THE 1ST
Baton Rouge Bayou batting - Pitching for Ottawa Beavers : RHP Jace Yager
Pitching: RHP Jace Yager
Batting: RHB Huston Cruz 0-0: Ground out U3 (Groundball, 34, EV 91.9 MPH)
Batting: RHB Tripp Kalifetona 0-0: Ball
1-0: Ball
2-0: Called Strike
2-1: Foul Ball, location: 2F
2-2: Ball
3-2: Fly out, F3 (Popup, 3SF, EV 77.5 MPH)
Batting: LHB Kemper Small 0-0: Ball
1-0: Called Strike
1-1: Ball
2-1: Called Strike
2-2: Strikes out looking
Bottom of the 1st over - 0 runs, 0 hits, 0 errors, 0 left on base; Ottawa 2 - Baton Rouge 0
TOP OF THE 2ND
Ottawa Beavers batting - Pitching for Baton Rouge Bayou : RHP Casey Fish
Batting: LHB Evan Dollar 0-0: Ball
1-0: Foul Ball, location: 2F
1-1: Ball
2-1: Ball
3-1: Foul Ball, location: 2F
3-2: Fly out, F8 (Flyball, 8RD, EV 90.0 MPH)
Batting: RHB Taylor Allison 0-0: Ground out 1-3 (Groundball, P, EV 65.6 MPH)
Batting: RHB Omari Stubbs 0-0: Foul Ball, location: 2F
0-1: Ground out 5-3 (Groundball, 5S, EV 70.0 MPH)
Top of the 2nd over - 0 runs, 0 hits, 0 errors, 0 left on base; Ottawa 2 - Baton Rouge 0
BOTTOM OF THE 2ND
Baton Rouge Bayou batting - Pitching for Ottawa Beavers : RHP Jace Yager
Batting: SHB Rob French 0-0: Ball
1-0: Ball
2-0: Ball
3-0: Base on Balls
Batting: RHB Jefferson Turner 0-0: Foul Ball, location: 2F
0-1: Ball
1-1: Swinging Strike
1-2: Grounds into double play, 4-6-3 (Groundball, 4, EV 103.8 MPH)
Batting: LHB Devin Kee 0-0: Ball
1-0: Ball
2-0: Called Strike
2-1: Foul Ball, location: 2F
2-2: Strikes out swinging
Bottom of the 2nd over - 0 runs, 0 hits, 0 errors, 0 left on base; Ottawa 2 - Baton Rouge 0
TOP OF THE 3RD
Ottawa Beavers batting - Pitching for Baton Rouge Bayou : RHP Casey Fish
Batting: RHB Erick Hartman 0-0: Called Strike
0-1: Called Strike
0-2: Ball
1-2: Strikes out looking
Batting: SHB Darren Clark 0-0: Swinging Strike
0-1: Ball
1-1: Foul Ball, location: 2F
1-2: Foul Ball, location: 2F
1-2: Ball
2-2: TRIPLE (Line Drive, 9LD, EV 113.1 MPH)
Batting: RHB Jaboree Kafengauz 0-0: Fly out, F9 (Line Drive, 89M, EV 88.8 MPH)
Batting: LHB Romeo Nester 0-0: Called Strike
0-1: Foul Ball, location: 2F
0-2: Ball
1-2: Ball
2-2: Ball
3-2: Fly out, F6 (Line Drive, 4M, EV 67.5 MPH)
Top of the 3rd over - 0 runs, 1 hit, 0 errors, 1 left on base; Ottawa 2 - Baton Rouge 0
BOTTOM OF THE 3RD
Baton Rouge Bayou batting - Pitching for Ottawa Beavers : RHP Jace Yager
Batting: LHB Peter Beasley 0-0: Ground out U3 (Groundball, 3, EV 88.1 MPH)
Batting: RHB Justin Greene 0-0: Ball
1-0: Called Strike
1-1: Foul Ball, location: 2F
1-2: Ball
2-2: Foul Ball, location: 2F
2-2: Foul Ball, location: 2F
2-2: Ball
3-2: Ground out 6-3 (Groundball, 6, EV 84.4 MPH)
Batting: RHB Hareem Marquez 0-0: Ball
1-0: SINGLE (Groundball, 56D, EV 105.0 MPH)
Batting: RHB Huston Cruz 0-0: Called Strike
0-1: Ball
1-1: Swinging Strike
1-2: Ball
2-2: Ball
3-2: Strikes out looking
Bottom of the 3rd over - 0 runs, 1 hit, 0 errors, 1 left on base; Ottawa 2 - Baton Rouge 0
TOP OF THE 4TH
Ottawa Beavers batting - Pitching for Baton Rouge Bayou : RHP Casey Fish
Batting: LHB Cole Tester 0-0: Foul Ball, location: 2F
0-1: Foul Ball, location: 2F
0-2: Strikes out swinging
Batting: RHB Gavin Wright 0-0: Foul Ball, location: 2F
0-1: Ball
1-1: Ground out 1-6-3 (Groundball, 15S, EV 106.2 MPH)
Batting: LHB Evan Dollar 0-0: Ball
1-0: Called Strike
1-1: Ball
2-1: Ball
3-1: Base on Balls
Batting: RHB Taylor Allison 0-0: Called Strike
0-1: Ball
Evan Dollar is caught stealing 2nd base 2-4
Top of the 4th over - 0 runs, 0 hits, 0 errors, 0 left on base; Ottawa 2 - Baton Rouge 0
BOTTOM OF THE 4TH
Baton Rouge Bayou batting - Pitching for Ottawa Beavers : RHP Jace Yager
Batting: RHB Tripp Kalifetona 0-0: Called Strike
0-1: Ball
1-1: Ball
2-1: SINGLE (Groundball, 56D, EV 96.9 MPH)
Batting: LHB Kemper Small 0-0: Called Strike
0-1: Foul Ball, location: 2F
0-2: Strikes out swinging
Batting: SHB Rob French 0-0: Ball
1-0: Ball
2-0: Foul Ball, location: 2F
2-1: Swinging Strike
2-2: SINGLE (Groundball, 4D, EV 103.8 MPH)
Tripp Kalifetona to second
Runner from 2nd tries for 3rd, SAFE, throw by RF made to third
Batting: RHB Jefferson Turner 0-0: Ball
1-0: Called Strike
1-1: Foul Ball, location: 2F
1-2: Strikes out swinging
Batting: LHB Devin Kee 0-0: Ball
1-0: TRIPLE (Line Drive, 9LD, EV 103.1 MPH)
Tripp Kalifetona scores
Rob French scores
Batting: LHB Peter Beasley 0-0: Foul Ball, location: 2F
0-1: Ground out 4-3 (Groundball, 4, EV 86.9 MPH)
Bottom of the 4th over - 2 runs, 3 hits, 0 errors, 1 left on base; Ottawa 2 - Baton Rouge 2
TOP OF THE 5TH
Ottawa Beavers batting - Pitching for Baton Rouge Bayou : RHP Casey Fish
Batting: RHB Taylor Allison 0-0: DOUBLE (Flyball, 8LXD, EV 113.8 MPH)
Batting: RHB Omari Stubbs 0-0: Ball
1-0: Fly out, F3 (Popup, 34S, EV 74.4 MPH)
Batting: RHB Erick Hartman 0-0: Ball
1-0: Ground out 4-3 (Groundball, 4, EV 78.1 MPH)
Taylor Allison to third
Batting: SHB Darren Clark 0-0: Ball
1-0: Called Strike
1-1: Ball
2-1: Ball
3-1: Ground out 5-3 (Groundball, 5L, EV 108.8 MPH)
Top of the 5th over - 0 runs, 1 hit, 0 errors, 1 left on base; Ottawa 2 - Baton Rouge 2
BOTTOM OF THE 5TH
Baton Rouge Bayou batting - Pitching for Ottawa Beavers : RHP Jace Yager
Batting: RHB Justin Greene 0-0: Called Strike
0-1: Called Strike
0-2: Ball
1-2: Ball
2-2: Foul Ball, location: 2F
2-2: Ball
3-2: Base on Balls
Batting: RHB Hareem Marquez 0-0: Called Strike
0-1: Called Strike
0-2: Grounds into double play, 4-6-3 (Groundball, 4, EV 83.8 MPH)
Batting: RHB Huston Cruz 0-0: Ball
1-0: Ball
2-0: Called Strike
2-1: Ball
3-1: Reached on error, E6 (Groundball, 6, EV 85.6 MPH)
Batting: RHB Tripp Kalifetona 0-0: Ball
1-0: Ball
2-0: Swinging Strike
2-1: Fly out, F8 (Line Drive, 8LM, EV 94.4 MPH)
Bottom of the 5th over - 0 runs, 0 hits, 1 error, 1 left on base; Ottawa 2 - Baton Rouge 2
TOP OF THE 6TH
Ottawa Beavers batting - Pitching for Baton Rouge Bayou : RHP Casey Fish
Batting: RHB Jaboree Kafengauz 0-0: Foul Ball, location: 2F
0-1: Foul Ball, location: 2F
0-2: Strikes out swinging
Batting: LHB Romeo Nester 0-0: Ball
1-0: Foul Ball, location: 2F
1-1: Fly out, F5 (Popup, 6S, EV 73.1 MPH)
Batting: LHB Cole Tester 0-0: Ball
1-0: Ball
2-0: Ball
3-0: Called Strike
3-1: Base on Balls
Batting: RHB Gavin Wright 0-0: Ball
1-0: Called Strike
1-1: Foul Ball, location: 2F
1-2: Strikes out swinging
Top of the 6th over - 0 runs, 0 hits, 0 errors, 1 left on base; Ottawa 2 - Baton Rouge 2
BOTTOM OF THE 6TH
Baton Rouge Bayou batting - Pitching for Ottawa Beavers : RHP Jace Yager
Batting: LHB Kemper Small 0-0: Called Strike
0-1: Ball
1-1: Swinging Strike
1-2: Strikes out swinging
Batting: SHB Rob French 0-0: Ball
1-0: Ball
2-0: Called Strike
2-1: Ground out 3-1 (Groundball, 3D, EV 105.0 MPH)
Batting: RHB Jefferson Turner 0-0: Ball
1-0: Ball
2-0: Called Strike
2-1: Ball
3-1: Base on Balls
Batting: LHB Devin Kee 0-0: Ball
Wild Pitch!
Jefferson Turner to second
1-0: Ball
2-0: Ball
3-0: Called Strike
3-1: Foul Ball, location: 2F
3-2: Strikes out looking
Bottom of the 6th over - 0 runs, 0 hits, 0 errors, 1 left on base; Ottawa 2 - Baton Rouge 2
TOP OF THE 7TH
Ottawa Beavers batting - Pitching for Baton Rouge Bayou : RHP Casey Fish
Batting: LHB Evan Dollar 0-0: Ball
1-0: Called Strike
1-1: Swinging Strike
1-2: Fly out, F2 (Popup, 25F, EV 84.4 MPH)
Batting: RHB Taylor Allison 0-0: Ball
1-0: Called Strike
1-1: Ball
2-1: Ball
3-1: Base on Balls
Pitching: LHP Derek Royalty
Batting: RHB Omari Stubbs 0-0: Foul Ball, location: 2F
0-1: Ball
1-1: Called Strike
1-2: Foul Ball, location: 2F
1-2: Ball
Wild Pitch!
Taylor Allison to second
2-2: Foul Ball, location: 2F
2-2: Foul Ball, location: 2F
2-2: Foul Ball, location: 2F
2-2: Foul Ball, location: 2F
2-2: Ball
3-2: Ground out 5-3 (Groundball, 56, EV 86.9 MPH)
Batting: RHB Erick Hartman 0-0: SINGLE (Line Drive, 78S, EV 102.5 MPH)
Taylor Allison to third
Runner from 3rd tries for Home, throw by LF and OUT! 7-2
Top of the 7th over - 0 runs, 1 hit, 0 errors, 1 left on base; Ottawa 2 - Baton Rouge 2
BOTTOM OF THE 7TH
Baton Rouge Bayou batting - Pitching for Ottawa Beavers : RHP Jace Yager
Pitching: RHP Oscar Evans
Batting: LHB Peter Beasley 0-0: Ball
1-0: Called Strike
1-1: Ball
2-1: Ball
3-1: SINGLE (Groundball, 34D, EV 96.2 MPH)
Batting: RHB Justin Greene Balk!
Peter Beasley to second
Pinch Hitting: LHB Jon MacKinnon 0-0: Ball
1-0: Ball
2-0: Called Strike
2-1: Ball
3-1: Foul Ball, location: 2F
3-2: Base on Balls
Batting: RHB Hareem Marquez 0-0: Called Strike
0-1: Ball
1-1: Swinging Strike
1-2: Strikes out looking
Batting: RHB Huston Cruz 0-0: Ball
1-0: Ground out 5-3 (Groundball, 56S, EV 86.9 MPH)
Peter Beasley to third
Jon MacKinnon to second
Batting: RHB Tripp Kalifetona 0-0: Ball
1-0: TRIPLE (Flyball, 9LD, EV 91.2 MPH)
Peter Beasley scores
Jon MacKinnon scores
Batting: LHB Kemper Small 0-0: Called Strike
0-1: SINGLE (Line Drive, 89S, EV 98.1 MPH)
Tripp Kalifetona scores
Pitching: RHP Jerod Ola
Batting: SHB Rob French 0-0: Ball
1-0: Fly out, F7 (Flyball, 7, EV 92.5 MPH)
Bottom of the 7th over - 3 runs, 3 hits, 0 errors, 1 left on base; Ottawa 2 - Baton Rouge 5
TOP OF THE 8TH
Ottawa Beavers batting - Pitching for Baton Rouge Bayou : LHP Derek Royalty
Pitching: RHP Merrill Collier
Now at SS: Chad Swanson
Batting: SHB Darren Clark 0-0: Foul Ball, location: 2F
0-1: Ball
1-1: Ball
2-1: DOUBLE (Line Drive, 78M, EV 97.5 MPH)
Batting: RHB Jaboree Kafengauz 0-0: SINGLE (Flyball, 34D, EV 88.8 MPH)
Darren Clark to third
Batting: LHB Romeo Nester 0-0: Called Strike
0-1: Ball
1-1: Foul Ball, location: 2F
1-2: SINGLE (Line Drive, 78S, EV 105.6 MPH)
Darren Clark scores
Jaboree Kafengauz to second
Batting: LHB Cole Tester 0-0: Ball
1-0: Ball
2-0: Ball
3-0: Called Strike
3-1: Foul Ball, location: 2F
3-2: Foul Ball, location: 2F
3-2: Base on Balls
Jaboree Kafengauz to third
Romeo Nester to second
Batting: RHB Gavin Wright 0-0: Ball
1-0: Ball
2-0: Called Strike
2-1: Swinging Strike
2-2: Foul Ball, location: 2F
2-2: Foul Ball, location: 2F
2-2: Ball
3-2: Foul Ball, location: 2F
3-2: Foul Ball, location: 2F
3-2: Foul Ball, location: 2F
3-2: Strikes out swinging
Pitching: LHP Ike Dotson
Pinch Hitting: RHB Carlos Kinney 0-0: Swinging Strike
0-1: Foul Ball, location: 2F
0-2: Ball
1-2: Ball
2-2: Ball
3-2: Strikes out swinging
Batting: RHB Taylor Allison 0-0: Called Strike
0-1: Ball
1-1: Called Strike
1-2: Ball
2-2: Foul Ball, location: 2F
2-2: Foul Ball, location: 2F
2-2: Strikes out swinging
Top of the 8th over - 1 run, 3 hits, 0 errors, 3 left on base; Ottawa 3 - Baton Rouge 5
BOTTOM OF THE 8TH
Baton Rouge Bayou batting - Pitching for Ottawa Beavers : RHP Jerod Ola
Now at 1B: Carlos Kinney
Batting: RHB Jefferson Turner 0-0: Called Strike
0-1: Ball
1-1: Called Strike
1-2: Fly out, F7 (Flyball, 78D, EV 106.2 MPH)
Batting: LHB Devin Kee 0-0: Ball
1-0: Ball
2-0: Called Strike
2-1: Foul Ball, location: 2F
2-2: Strikes out swinging
Batting: LHB Peter Beasley 0-0: Ball
1-0: Ground out U3 (Groundball, 3L, EV 105.0 MPH)
Bottom of the 8th over - 0 runs, 0 hits, 0 errors, 0 left on base; Ottawa 3 - Baton Rouge 5
TOP OF THE 9TH
Ottawa Beavers batting - Pitching for Baton Rouge Bayou : LHP Ike Dotson
Batting: RHB Omari Stubbs 0-0: Called Strike
0-1: Foul Ball, location: 2F
0-2: Strikes out swinging
Batting: RHB Erick Hartman 0-0: Called Strike
0-1: Swinging Strike
0-2: Foul Ball, location: 2F
0-2: Foul Ball, location: 2F
0-2: Strikes out swinging
Batting: SHB Darren Clark 0-0: Called Strike
0-1: Fly out, F5 (Line Drive, 5L, EV 65.6 MPH)
Top of the 9th over - 0 runs, 0 hits, 0 errors, 0 left on base; Ottawa 3 - Baton Rouge 5
Monday, March 25th , 2024 - OOTP Baseball 23.10 Build 110